 Dungeon Crawl Stone Soup version 0.24-a0-778-g74da537585 (webtiles) character file.

Game seed: 14880092010556978885, levelgen mode: deterministic

408 Kohma the Charmwright (level 6, -5/51 HPs)
             Began as a Gnoll Skald on Oct 7, 2019.
             Slain by a gnoll
             ... wielding a +0 flail
              (12 damage)
             ... on level 4 of the Dungeon.
             The game lasted 00:10:38 (3188 turns).

Kohma the Charmwright (Gnoll Skald)                 Turns: 3188, Time: 00:10:38

Health: -5/51      AC:  7    Str: 15    XL:     6   Next: 88%
Magic:  6/14       EV: 13    Int: 16    God:
Gold:   150        SH:  0    Dex: 14    Spells: 4/15 levels left

rFire    . . .     SeeInvis .   a - +1 falchion
rCold    . . .     Gourm    .   (no shield)
rNeg     + . .     Faith    .   n - +1 ring mail {rN+}
rPois    .         Spirit   .   (no helmet)
rElec    .         Reflect  .   f - +0 cloak
rCorr    .         Harm     .   (no gloves)
MR       .....                  (no boots)
Stlth    +.........             (no amulet)
HPRegen  0.17/turn              (no ring)
MPRegen  0.14/turn              (no ring)

@: singing (expiring), very slightly contaminated
A: distributed training, fangs 1, strong nose
a: no special abilities


You were on level 4 of the Dungeon.
You were hungry.

You visited 1 branch of the dungeon, and saw 4 of its levels.

You collected 150 gold pieces.

Inventory:

Hand Weapons
 a - a +1 falchion (weapon)
Missiles
 b - 35 arrows
Armour
 f - a +0 cloak (worn)
 n - a +1 ring mail of positive energy (worn)
Jewellery
 j - an uncursed ring of ice
 o - an uncursed ring of positive energy
Wands
 i - a wand of random effects (24)
Scrolls
 c - 3 scrolls of enchant weapon
 h - 3 scrolls of remove curse
 k - 2 scrolls of teleportation
Potions
 e - 2 potions of lignification {unknown}
 g - 2 potions of curing
 m - a potion of cancellation {unknown}
 p - a potion of degeneration {unknown}
 q - 2 potions of might {unknown}
Comestibles
 d - 7 rations
 l - 4 chunks of flesh


   Skills:
 + Level 5.0 Fighting
 + Level 2.1 Short Blades
 + Level 5.0 Long Blades
 + Level 2.1 Axes
 + Level 2.1 Maces & Flails
 + Level 2.1 Polearms
 + Level 2.1 Staves
 + Level 2.1 Slings
 + Level 2.1 Bows
 + Level 2.1 Crossbows
 + Level 2.1 Throwing
 + Level 3.3 Armour
 + Level 5.0 Dodging
 + Level 2.1 Stealth
 + Level 2.1 Shields
 + Level 2.1 Unarmed Combat
 + Level 5.4 Spellcasting
 + Level 1.6 Conjurations
 + Level 1.6 Hexes
 + Level 5.7 Charms
 + Level 1.6 Summonings
 + Level 1.6 Necromancy
 + Level 1.6 Translocations
 + Level 1.6 Transmutations
 + Level 1.6 Fire Magic
 + Level 1.6 Ice Magic
 + Level 1.6 Air Magic
 + Level 1.6 Earth Magic
 + Level 1.6 Poison Magic
 + Level 2.3 Invocations
 + Level 2.1 Evocations


You had 4 spell levels left.
You knew the following spells:

 Your Spells              Type           Power        Failure   Level  Hunger
a - Infusion              Chrm           ###.         2%          1    None
b - Song of Slaying       Chrm           ###.....     4%          2    #......
c - Regeneration          Chrm/Necr      ###.......   19%         3    ###....
d - Shroud of Golubria    Chrm/Tloc      ###...       10%         2    #......
e - Spectral Weapon       Hex/Chrm       ###.....     19%         3    ###....

Your spell library contained the following spells:

 Spells                   Type           Power        Failure   Level  Hunger


Dungeon Overview and Level Annotations

Branches:
Dungeon (4/15)
 Temple: D:4-7

Altars:
Cheibriados
Dithmenos
Trog
Yredelemnul
The Shining One

Shops:
D:4 :

Annotations:
D:4 2 transporters


Innate Abilities, Weirdness & Mutations

Your experience applies equally to all skills.
You have very sharp teeth.
Your uncanny sense of smell can sniff out nearby items.


Message History

The gnoll hits you with a +0 flail!
* * * LOW HITPOINT WARNING * * *
The gnoll barely misses you.
You closely miss the gnoll. You bite the gnoll.
The gnoll is almost dead.
The gnoll hits you with a +0 flail.
* * * LOW HITPOINT WARNING * * *
The gnoll closely misses you.
Found 22 sling bullets and a moonstone ring.
Found a transporter.
Your song is almost over.
Found a glass ring and 15 gold pieces.
Found 12 gold pieces.
Found a bone wand.
Casting: Shroud of Golubria (safe; 10% risk of failure)
Confirm with . or Enter, or press ? or * to list all spells.
You miscast Shroud of Golubria.
You are very lightly contaminated with residual magic.
You feel a strange surge of energy! The gnoll hits you with a +0 flail!
You die... #.......##.#.....# #... #8.8.8#.## #.....# #... #.⌠.⌠.#.## #.....####.#. ##8.∩.8#... ###.....##.#. #..⌠.⌠..# ######....#) #.8.8.8.# °○.☼ #######. ########.......# °○○☼°

○...○○##
..?....##.#g.g.###Y○☼○○
.○°○○○##
..?....##.####g@.#($Y○○
.#.#.°#. ......g)g.#
#..©#©=.☼○ ..!©○○#©
.......#### ##..#=Y.○○
.#.#○.#. .......
####○○☼○○ .○..°.#.
....... #○○°☼° ○○○°°○##
#######


☼☼☼○○ ###### #### You could see 3 ice beasts and 3 gnolls.

Vanquished Creatures
  A sky beast (D:3)
  A scorpion (D:4)
  A howler monkey (D:4)
  An orc priest (D:3)
  3 worker ants
  A gnoll (D:4)
  6 adders
  A worm (D:3)
  2 dart slugs (D:1)
  2 leopard geckos
  5 orcs
  3 bats
  4 giant cockroaches
  5 goblins
  6 hobgoblins
  4 jackals (D:1)
  A quokka (D:4)
  2 ball pythons
  4 frilled lizards
  8 kobolds
  8 rats
69 creatures vanquished.

Vanquished Creatures (others)
  A spectral weapon (D:4)
1 creature vanquished.

Grand Total: 70 creatures vanquished

Notes
Turn   | Place    | Note
-------+----------+-------------------------------------------
     0 | D:1      | Kohma the Gnoll Skald began the quest for the Orb.
     0 | D:1      | Reached XP level 1. HP: 20/20 MP: 6/6
    38 | D:1      | Reached XP level 2. HP: 3/26 MP: 2/7
   476 | D:1      | Reached XP level 3. HP: 28/31 MP: 0/9
   573 | D:1      | Reached skill level 5 in Spellcasting
   907 | D:1      | Found a glowing golden altar of the Shining One.
  1051 | D:2      | Reached skill level 1 in Invocations
  1151 | D:2      | Reached skill level 1 in Short Blades
  1151 | D:2      | Reached skill level 1 in Axes
  1151 | D:2      | Reached skill level 1 in Maces & Flails
  1151 | D:2      | Reached skill level 1 in Polearms
  1151 | D:2      | Reached skill level 1 in Staves
  1151 | D:2      | Reached skill level 1 in Slings
  1151 | D:2      | Reached skill level 1 in Bows
  1151 | D:2      | Reached skill level 1 in Crossbows
  1151 | D:2      | Reached skill level 1 in Throwing
  1151 | D:2      | Reached skill level 1 in Stealth
  1151 | D:2      | Reached skill level 1 in Shields
  1151 | D:2      | Reached skill level 1 in Unarmed Combat
  1151 | D:2      | Reached skill level 1 in Evocations
  1167 | D:2      | Reached XP level 4. HP: 32/38 MP: 11/11
  1443 | D:2      | Found a snail-covered altar of Cheibriados.
  1444 | D:2      | Found a shadowy altar of Dithmenos.
  1446 | D:2      | Found a bloodstained altar of Trog.
  1822 | D:2      | Learned a level 2 spell: Song of Slaying
  1826 | D:2      | Learned a level 3 spell: Regeneration
  1829 | D:2      | Learned a level 2 spell: Shroud of Golubria
  1833 | D:2      | Learned a level 3 spell: Spectral Weapon
  2043 | D:3      | Reached skill level 1 in Conjurations
  2043 | D:3      | Reached skill level 1 in Hexes
  2043 | D:3      | Reached skill level 1 in Summonings
  2043 | D:3      | Reached skill level 1 in Necromancy
  2043 | D:3      | Reached skill level 1 in Translocations
  2043 | D:3      | Reached skill level 1 in Transmutations
  2043 | D:3      | Reached skill level 1 in Fire Magic
  2043 | D:3      | Reached skill level 1 in Ice Magic
  2043 | D:3      | Reached skill level 1 in Air Magic
  2043 | D:3      | Reached skill level 1 in Earth Magic
  2043 | D:3      | Reached skill level 1 in Poison Magic
  2106 | D:3      | Reached XP level 5. HP: 42/43 MP: 12/12
  2387 | D:3      | Noticed a sky beast
  2403 | D:3      | Killed a sky beast
  2639 | D:3      | Reached XP level 6. HP: 33/50 MP: 13/13
  2952 | D:4      | Found a glowing golden altar of the Shining One.
  2954 | D:4      | Noticed an angel
  2965 | D:4      | Found a basalt altar of Yredelemnul.
  2967 | D:4      | Noticed a profane servitor
  3043 | D:4      | Found a transporter.
  3098 | D:4      | Reached skill level 5 in Fighting
  3098 | D:4      | Reached skill level 5 in Long Blades
  3098 | D:4      | Reached skill level 5 in Dodging
  3141 | D:4      | Found Plog's Book Shoppe.
  3183 | D:4      | Found a transporter.
  3186 | D:4      | Noticed an ice beast
  3187 | D:4      | Noticed an ice beast
  3187 | D:4      | Noticed an ice beast
  3188 | D:4      | Slain by a gnoll

Levels and vault maps discovered:
D:1:      dpeg_arrival_tiny_a, layout_basic, tso_metal_star
D:2:      layout_loops_corners, grunt_temple_overflow_open, minmay_tetromino_t2
D:3:      layout_loops_ring
D:4:      gammafunk_cloud_chamber, layout_basic, grunt_temple_overflow_holy_war,
          old_standard_altar, first_ration, serial_shops,
          nicolae_shop_temple_entry_statues_fountains

Skill      XL: |  1  2  3  4  5  6 |
---------------+-------------------+-----
Spellcasting   | 5 |  5.4
Invocations    | 1 2 |  2.3
Short Blades   | 1 2 |  2.1
Axes           | 1 2 |  2.1
Maces & Flails | 1 2 |  2.1
Polearms       | 1 2 |  2.1
Staves         | 1 2 |  2.1
Slings         | 1 2 |  2.1
Bows           | 1 2 |  2.1
Crossbows      | 1 2 |  2.1
Throwing       | 1 2 |  2.1
Stealth        | 1 2 |  2.1
Shields        | 1 2 |  2.1
Unarmed Combat | 1 2 |  2.1
Evocations     | 1 2 |  2.1
Conjurations   | 1 |  1.6
Hexes          | 1 |  1.6
Summonings     | 1 |  1.6
Necromancy     | 1 |  1.6
Translocations | 1 |  1.6
Transmutations | 1 |  1.6
Fire Magic     | 1 |  1.6
Ice Magic      | 1 |  1.6
Air Magic      | 1 |  1.6
Earth Magic    | 1 |  1.6
Poison Magic   | 1 |  1.6
Armour         | 3 |  3.3
Fighting       | 5 |  5.0
Long Blades    | 5 |  5.0
Dodging        | 5 |  5.0
Charms         | |  5.7

Action                   |  1- 3 |  4- 6 || total
-------------------------+-------+-------++-------
Melee: Falchion          |    79 |   140 ||   219
       Bite              |     9 |    11 ||    20
       Punch             |       |     1 ||     1
 Cast: Infusion          |     3 |       ||     3
       Spectral Weapon   |       |     2 ||     2
       Regeneration      |       |     1 ||     1
       Shroud of Golubri |       |     1 ||     1
       Song of Slaying   |       |     1 ||     1
  Use: Scroll            |       |     4 ||     4
 Stab: Sleeping          |       |     1 ||     1
  Eat: Chunk             |     1 |     6 ||     7
Armor: Leather armour    |    18 |     4 ||    22
       Ring mail         |       |    43 ||    43
Dodge: Dodged            |    70 |   109 ||   179
       Rpst.: Falchion   |    16 |    34 ||    50

Table legend:
 A = Non-vault XP
 B = Vault XP
 C = Vault XP percentage of total XP
 D = Non-vault monster count
 E = Vault monster count
 F = Vault count percentage of total count
                 A         B        C        D         E       F
            +---------+---------+-------+---------+---------+-------
      Total |     557 |      26 |   4.5 |      67 |       2 |   2.9
            +---------+---------+-------+---------+---------+-------
        D:1 |      48 |       0 |   0.0 |      28 |       0 |   0.0
        D:2 |      43 |      26 |  37.7 |      12 |       2 |  14.3
        D:3 |     253 |       0 |   0.0 |      19 |       0 |   0.0
        D:4 |     213 |       0 |   0.0 |       8 |       0 |   0.0
            +---------+---------+-------+---------+---------+-------
